 Dungeon Crawl Stone Soup version 0.18.1-8-gdd0e5ea (webtiles) character file.

933 Krapule the Archer (level 7, 0/60 HPs)
             Began as a Centaur Hunter on June 9, 2016.
             Was a Believer of Okawaru.
             Slain by an iguana (6 damage)
             ... on level 6 of the Dungeon on June 10, 2016.
             The game lasted 00:22:42 (5602 turns).

Krapule the Archer (Centaur Hunter)                 Turns: 5602, Time: 00:22:43

Health: 0/60       AC:  6    Str: 14    XL:     7   Next: 86%
Magic:  9/9        EV:  7    Int: 10    God:    Okawaru [**....]
Gold:   334        SH:  0    Dex: 12    Spells: 0 memorised, 6 levels left

rFire  + . .     SeeInvis .     b - +0 morningstar
rCold  . . .     Gourm    +     k - +0 scale mail
rNeg   . . .     Faith    .     (no shield)
rPois  .         Spirit   .     (no helmet)
rElec  .         Dismiss  .     (no cloak)
rCorr  .         Reflect  .     (no gloves)
SustAt .         Harm     .     (no barding)
MR     .....                    A - amulet of the gourmand
Stlth  ..........               (no ring)
                                m - ring of protection from fire

@: drained, very quick, not resistant to hostile enchantments, extremely
unstealthy
A: hooves 3, deformed body, speed 2, tough skin 3
a: Heroism, Renounce Religion


You were on level 6 of the Dungeon.
You worshipped Okawaru.
Okawaru was pleased with you.
You were hungry.

You visited 1 branch of the dungeon, and saw 6 of its levels.

You collected 334 gold pieces.

Inventory:

Hand Weapons
 a - a +2 shortbow
 b - a +0 morningstar (weapon)
Armour
 k - a +0 scale mail (worn)
Jewellery
 m - a ring of protection from fire (left hand)
 A - an amulet of the gourmand (around neck)
Wands
 o - a wand of slowing (40/48)
 v - a wand of paralysis (8/24)
Scrolls
 e - 3 scrolls of teleportation
 j - 2 scrolls of remove curse
 n - a scroll of identify
 s - a scroll of enchant weapon
 y - a scroll of amnesia
Potions
 c - 3 potions of curing
 i - a potion of agility
 p - a potion of mutation
 q - a potion of brilliance
 t - 2 potions of haste
 u - 2 potions of lignification {unknown}
 x - a potion of heal wounds {unknown}
Books
 w - a book of Frost

   Spells                             Type                      Level
   a - Freeze                         Ice                          1
   b - Throw Frost                    Conjuration/Ice              2
   c - Ozocubu's Armour               Charms/Ice                   3
   d - Throw Icicle                   Conjuration/Ice              4
   e - Summon Ice Beast               Ice/Summoning                4
 z - a book of Party Tricks

   Spells                             Type                      Level
   a - Summon Butterflies             Summoning                    1
   b - Apportation                    Translocation                1
   c - Tukima's Dance                 Hexes                        3
   d - Alistair's Intoxication        Transmutation/Poison         5
   e - Invisibility                   Hexes                        6
Comestibles
 f - 3 bread rations
 g - 2 fruits
 h - 2 beef jerkies
 r - 3 meat rations


   Skills:
 + Level 4.3(3.6) Fighting
 * Level 9.2(8.4) Bows
 - Level 1.0(0.4) Armour
 + Level 3.2(2.5) Dodging
 - Level 0.5(0.0) Stealth
 + Level 3.8(3.1) Invocations


You had 6 spell levels left.
You didn't know any spells.

Dungeon Overview and Level Annotations

Branches:
Dungeon (6/15)             Temple (0/1) D:5

Altars:
Dithmenos
Okawaru
Sif Muna
Vehumet
Yredelemnul

Shops:
D:6 :

Annotations:
D:3 Liquid's ghost, amateur OgHu
D:6 junkhipster's ghost, novice DrBe


Innate Abilities, Weirdness & Mutations

You have hooves in place of feet.
Armour fits poorly on your strangely shaped body.
You cover ground very quickly.
You have extremely tough skin (AC +3).


Message History

You closely miss the iguana. You kick the iguana, but do no damage.
The iguana is heavily wounded.
The iguana barely misses you.
You closely miss the iguana.
The iguana is heavily wounded.
The iguana bites you!
The iguana bites you but does no damage.
You hit the iguana.
The iguana is severely wounded.
The iguana bites you.
* * * LOW HITPOINT WARNING * * *
You closely miss the iguana. You kick the iguana, but do no damage.
The iguana is severely wounded.
The iguana bites you!
* * * LOW HITPOINT WARNING * * *
The iguana closely misses you.
You closely miss the iguana.
The iguana is severely wounded.
The iguana bites you.
You die...

#.. ##..
....
#######
....
.......
.$..
.......
...#
##........
#..........
#@#...?....
#l#...a....
#a#(.......
#l#........
#(#.....###
#..........
###<....##
##....#
....#


You could see 2 iguanas and a worker ant.

Vanquished Creatures
  A phantom (D:4)
  An ogre (D:4)
  2 giant frogs
  3 scorpions
  2 crimson imps (D:5)
  An orc wizard (D:3)
  2 centaur skeletons
  Terence (D:2)
  5 worker ants
  A hound skeleton (D:5)
  6 adders
  2 oozes
  An adder skeleton (D:5)
  2 worms (D:2)
  7 dart slugs
  3 giant geckos
  6 orcs
  4 ball pythons
  9 bats
  5 giant cockroaches
  5 hobgoblins
  12 jackals
  A quokka (D:4)
  2 giant newts
  13 goblins
  4 kobolds
  A quokka zombie (D:6)
  5 rats
107 creatures vanquished.

Notes
Turn   | Place    | Note
--------------------------------------------------------------
     0 | D:1      | Krapule the Centaur Hunter began the quest for the Orb.
     0 | D:1      | Reached XP level 1. HP: 17/17 MP: 1/1
   106 | D:1      | Reached XP level 2. HP: 13/24 MP: 2/2
   550 | D:1      | Reached XP level 3. HP: 22/30 MP: 3/3
   830 | D:2      | Reached skill level 1 in Armour
   922 | D:2      | Reached skill level 6 in Bows
  1154 | D:2      | Found an iron altar of Okawaru.
  1166 | D:2      | Found a deep blue altar of Sif Muna.
  1173 | D:2      | Became a worshipper of Warmaster Okawaru
  1213 | D:2      | Reached XP level 4. HP: 37/37 MP: 4/4
  1803 | D:2      | Noticed Terence
  1815 | D:2      | Killed Terence
  2012 | D:3      | Noticed a giant frog
  2082 | D:2      | Killed a giant frog
  2082 | D:2      | Reached skill level 7 in Bows
  2082 | D:2      | Reached skill level 1 in Invocations
  2082 | D:2      | Reached XP level 5. HP: 5/45 MP: 5/5
  2401 | D:3      | Noticed Liquid's ghost (amateur OgHu)
  3346 | D:4      | Reached XP level 6. HP: 51/51 MP: 7/7
  3697 | D:4      | Reached * piety under Okawaru
  3819 | D:4      | Reached skill level 8 in Bows
  3876 | D:4      | Reached XP level 7. HP: 48/58 MP: 7/9
  3906 | D:4      | Found an iron altar of Okawaru.
  4367 | D:5      | Entered Level 5 of the Dungeon
  4914 | D:5      | Found a shadowy altar of Dithmenos.
  5010 | D:5      | Found a staircase to the Ecumenical Temple.
  5168 | D:5      | Found a basalt altar of Yredelemnul.
  5168 | D:5      | Found a radiant altar of Vehumet.
  5254 | D:6      | Reached ** piety under Okawaru
  5254 | D:6      | Reached skill level 9 in Bows
  5314 | D:6      | Noticed junkhipster's ghost (novice DrBe)
  5436 | D:6      | Found Voshrov's Book Shoppe.
  5602 | D:6      | Slain by an iguana

Skill      XL: |  1  2  3  4  5  6  7 |
---------------+----------------------+-----
Armour         | 1 |  1.0
Bows           | 6 7 8 9 |  9.2
Dodging        | 2 3 |  3.2
Fighting       | 3 4 |  4.3
Invocations    | 1 2 3 |  3.8
Stealth        | |  0.5

Action                   |  1- 3 |  4- 6 |  7- 9 || total
-------------------------+-------+-------+-------++-------
Melee: Short sword       |    75 |       |       ||    75
       Kick              |     7 |    21 |    37 ||    65
       Morningstar       |       |    92 |   139 ||   231
 Fire: Shortbow          |    81 |   118 |    36 ||   235
  Use: Scroll            |     1 |     6 |     4 ||    11
       Potion            |       |     1 |     1 ||     2
  Eat: Chunk             |       |     7 |     5 ||    12
       Pizza             |       |       |     1 ||     1
Armor: Leather armour    |    18 |       |       ||    18
       Scale mail        |    20 |    82 |    91 ||   193
Dodge: Dodged            |    51 |    65 |    77 ||   193
